 Dungeon Crawl Stone Soup version 0.30-a0-723-gc1506a1cf0 (webtiles) character file.

Game seed: 4183091090956157130

70 porpoise the Chopper (level 4, -8/41 HPs)
             Began as a Hill Orc Monk on Jan 29, 2023.
             Killed by divine providence
             ... invoked by an orc priest
              (14 damage)
             ... on level 3 of the Dungeon.
             The game lasted 00:05:54 (1867 turns).

porpoise the Chopper (Hill Orc Monk)                Turns: 1867, Time: 00:05:55

Health: -8/41      AC:  5    Str: 15    XL:     4   Next: 21%
Magic:  4/4        EV: 11    Int: 10    God:
Gold:   164        SH:  0    Dex: 13    Spells: 3/3 levels left

rFire   . . .      SeeInvis .    a - +0 hand axe
rCold   . . .      Faith    .    (no shield)
rNeg    . . .      Spirit   .    o - +0 ring mail
rPois   +          Reflect  .    (no helmet)
rElec   .          Harm     .    (no cloak)
rCorr   .          Rampage  .    (no gloves)
Will    .....                    (no boots)
Stlth   +                        (no amulet)
HPRegen 0.26/turn                j - ring of poison resistance
MPRegen 0.09/turn                (no ring)

@: no status effects
A: no striking features
a: Convert to Beogh


You were on level 3 of the Dungeon.
You visited 1 branch of the dungeon, and saw 3 of its levels.

You collected 164 gold pieces.

Inventory:

Hand Weapons
 a - a +0 hand axe (weapon)
 b - a +0 sling
Missiles
 d - 3 poisoned darts (quivered)
 m - 6 curare-tipped darts
Armour
 o - a +0 ring mail (worn)
Jewellery
 j - a ring of poison resistance (left hand)
Scrolls
 i - a scroll of poison {unknown}
 k - 4 scrolls of identify {unknown}
 n - a scroll of enchant weapon {unknown}
Potions
 c - a potion of ambrosia
 e - 2 potions of heal wounds {unknown}
 f - a potion of cancellation {unknown}
 g - a potion of curing
 h - a potion of degeneration {unknown}
 l - a potion of haste {unknown}
 p - a potion of flight {unknown}


   Skills:
 + Level 4.5 Fighting
 * Level 5.8 Axes
 - Level 2.4 Dodging
 - Level 1.5 Stealth


You had 3 spell levels left.
You didn't know any spells.
Your spell library was empty.

Dungeon Overview and Level Annotations

Branches:
Dungeon (3/15)

Altars:


Message History

You kill the orc!
The orc priest looks encouraged for a moment.
The orc hits you from afar with a +0 trident.
You hit the orc but do no damage. The orc hits you but does no damage.
The orc barely misses you.
You hit the orc.
The orc is heavily wounded.
The orc barely misses you.
The orc hits you from afar with a +0 trident.
You closely miss the orc.
The orc is heavily wounded.
The orc priest threatens, "By the altar or by the axe, you will meet Beogh!"
You slash the orc!
You kill the orc!
The orc hits you with a +0 club.
The orc hits you from afar with a +0 trident.
You barely miss the orc.
The orc is heavily wounded.
The orc closely misses you. The orc hits you but does no damage.
You hit the orc.
The orc is heavily wounded.
The orc hits you but does no damage. x2
You hit the orc.
The orc is severely wounded.
The orc barely misses you.
The orc hits you from afar with a +0 trident.
You hit the orc.
You kill the orc!
The orc closely misses you.
The orc priest invokes the aid of Beogh against you.
Beogh smites you!
* * * LOW HITPOINT WARNING * * *
Items here: )) ††.
You hit the orc.
The orc is moderately wounded.
The orc hits you with a +0 trident.
* * * LOW HITPOINT WARNING * * *
The orc priest calls down the wrath of Beogh upon you.
Beogh smites you!
You die...

## # #.
.# #. #.
#. #. ###
#.
##.###..
#.
#...#o#
#.##)##.#
#.<...@o#
##...####
#...#
##.## #.#
#.# #.#
#.#


You could see an orc priest and an orc.

Vanquished Creatures
  An adder (D:2)
  3 worms (D:2)
  2 dart slugs (D:1)
  3 orcs (D:3)
  3 ball pythons (D:1)
  2 endoplasms (D:2)
  A giant cockroach (D:1)
  6 goblins
  5 hobgoblins
  4 jackals (D:1)
  A kobold (D:2)
  3 quokkas (D:1)
  A bat (D:2)
  3 frilled lizards (D:1)
  3 rats
41 creatures vanquished.

Notes
Turn   | Place    | Note
-------+----------+-------------------------------------------
     0 | D:1      | porpoise the Hill Orc Monk began the quest for the Orb.
     0 | D:1      | Reached XP level 1. HP: 19/19 MP: 1/1
   236 | D:1      | Reached XP level 2. HP: 15/27 MP: 2/2
   504 | D:1      | Reached skill level 5 in Axes
   521 | D:1      | Reached XP level 3. HP: 23/33 MP: 3/3
  1421 | D:2      | Reached XP level 4. HP: 41/41 MP: 4/4
  1867 | D:3      | Killed from afar by an orc priest

Illustrated notes

Levels and vault maps discovered:
D:1:      dpeg_arrival_boxes_within_box, layout_loops_ring
D:2:      layout_loops_ring
D:3:      layout_loops_corners, lemuel_round_altar, minivault_25, st_stairs_13

Skill      XL: |  1  2 |
---------------+-------+-----
Fighting       | 4 |  4.5
Axes           | 5 |  5.8
Dodging        | |  2.4
Stealth        | |  1.5

Action                     |  1- 3 |  4- 6 || total
---------------------------+-------+-------++-------
  Melee: Hand axe          |   131 |    26 ||   157
         Punch             |     1 |       ||     1
   Fire: Sling             |     5 |       ||     5
  Throw: Dart              |     4 |       ||     4
   Stab: Sleeping          |     3 |       ||     3
 Armour: Robe              |    10 |       ||    10
         Ring mail         |     8 |     9 ||    17
  Dodge: Dodged            |    71 |    14 ||    85

Table legend: (Time is in decaauts)
 A = Elapsed time spent in this place.
 B = Non-inter-level travel time spent in this place.
 C = Inter-level travel time spent in this place.
 D = Time resting spent in this place.
 E = Time spent auto-exploring this place.
 F = Levels seen in this place.
 G = Mean time per level.
                   A        B        C        D        E       F      G
               +--------+--------+--------+--------+--------+-----+--------+
         Total |   1876 |   1819 |     57 |    345 |   1096 |   3 |  625.3 |
       Dungeon |   1876 |   1819 |     57 |    345 |   1096 |   3 |  625.3 |
               +--------+--------+--------+--------+--------+-----+--------+

Top non-repeatable levels by time:
     D:1: 1004 daAuts
     D:2: 858 daAuts
     D:3: 13 daAuts
